 Dungeon Crawl Stone Soup version 0.26-a0-1139-g7d2dc893a1 (webtiles) character file.

Game seed: 14204521603701485060

146 Dracia the Chopper (level 5, -5/41 HPs)
             Began as a Demonspawn Fighter on Dec 21, 2020.
             Killed by divine providence
             ... invoked by an orc priest
              (14 damage)
             ... on level 3 of the Dungeon.
             The game lasted 00:02:36 (2319 turns).

Dracia the Chopper (Demonspawn Fighter)             Turns: 2319, Time: 00:02:37

Health: -5/41      AC:  8    Str: 18    XL:     5   Next: 7%
Magic:  0/5        EV:  7    Int:  9    God:
Gold:   117        SH:  9    Dex: 18    Spells: 4/4 levels left

rFire    . . .     SeeInvis .   a - +0 war axe
rCold    . . .     Faith    .   c - +0 kite shield
rNeg     . . .     Spirit   +   b - +0 scale mail
rPois    .         Reflect  .   l - +0 helmet
rElec    .         Harm     .   h - scarf {+Inv}
rCorr    .         Rampage  .   (no gloves)
Will     .....                  (no boots)
Stlth    ..........             g - amulet of regeneration
HPRegen  0.53/turn              D - +6 ring of dexterity
MPRegen  0.09/turn              (no ring)

@: no status effects
A: spiny 1, magic shield
a: Evoke Invisibility


You were on level 3 of the Dungeon.
You visited 1 branch of the dungeon, and saw 3 of its levels.

You collected 117 gold pieces.


Innate Abilities, Weirdness & Mutations

You are partially covered in sharp spines.
When hurt, damage is shared between your health and your magic reserves.


   Skills:
 - Level 3.0 Fighting
 * Level 3.6 Axes
 + Level 3.5 Armour
 + Level 3.4 Shields


You had 4 spell levels left.
You didn't know any spells.
Your spell library was empty.

Inventory:

Hand Weapons
 a - a +0 war axe (weapon)
Missiles
 k - 14 poisoned darts (quivered)
 p - a throwing net {=f=f}
Armour
 b - a +0 scale mail (worn)
 c - a +0 kite shield (worn)
 h - a scarf of invisibility (worn)
 l - a +0 helmet (worn)
 s - a +1 hat
Jewellery
 g - an amulet of regeneration (around neck)
 D - a +6 ring of dexterity (left hand)
Wands
 o - a wand of flame (21)
Scrolls
 e - 7 scrolls of identify {unknown}
 f - a scroll of fear {unknown}
 j - a scroll of enchant weapon {unknown}
 n - 2 scrolls of fog {unknown}
 q - 2 scrolls of amnesia {unknown}
 r - a scroll of teleportation {unknown}
 u - a scroll of blinking {unknown}
Potions
 d - 2 potions of might
 i - 2 potions of heal wounds {unknown}
 m - 4 potions of curing {@q1@q1}
 t - a potion of lignification {unknown}
 v - 2 potions of invisibility {unknown}
 w - a potion of attraction {unknown}
 x - a potion of resistance {unknown}

Dungeon Overview and Level Annotations

Branches:
Dungeon (3/15)

Altars:

.........†.#
#......##...
...........+
...>... #...
..####.....# ##..
#... ## #.....#
#.#. #.....# #.##
####.....# ..
###........#######
.................##
###.....(..#####@.#
#........# ##o#
#<.......# #.#
#........######o###
##.....####.......#
#.....# #.......#
#.....# #....o..#
#.....# #.(.....#
##+##+### #.....#
#.......# #.......#


You could see an orc priest and 2 orcs.


Message History

The orc shouts!
The orc priest shouts!
The orc priest moves out of view.
An orc comes into view. It is wielding a +0 short sword.
There is an open door here.
The orc shouts!
You hear a shout!
You feel sick.
An orc comes into view. It is wielding a +0 club.
The orc shouts!
The orc is struck by your spines. The orc closely misses you.
You slash the orc!
You kill the orc!
You barely miss the orc.
You feel sick.
You are no longer poisoned.
You block the orc's attack.
The orc priest miscasts a cantrip.
The orc priest invokes the aid of Beogh against you.
Beogh smites you!
* * * LOW HITPOINT WARNING * * *
There is an open door here.
You see here a worker ant corpse.
The orc priest looks braver for a moment.
The orc hits you but does no damage.
There is an open door here.
Unknown command.
The orc priest invokes the aid of Beogh against you.
Beogh smites you!
* * * LOW HITPOINT WARNING * * *
The orc priest calls down the wrath of Beogh upon you.
Beogh smites you!
You die...

Skill      XL: |  1  2  3 |
---------------+----------+-----
Axes           | 2 3 |  3.6
Armour         | 3 |  3.5
Shields        | 3 |  3.4
Fighting       | |  3.0

Action                   |  1- 3 |  4- 6 || total
-------------------------+-------+-------++-------
Melee: War axe           |    80 |    37 ||   117
Armor: Scale mail        |    37 |    10 ||    47
Dodge: Dodged            |    30 |     8 ||    38
Block: Kite shield       |    58 |    16 ||    74

Levels and vault maps discovered:
D:1:      minmay_arrival_split_and_join, layout_basic
D:2:      layout_loops_ring, minmay_pentomino_o2, uniq_robin
D:3:      layout_basic, uniq_grinder

Notes
Turn   | Place    | Note
-------+----------+-------------------------------------------
     0 | D:1      | Dracia the Demonspawn Fighter began the quest for the Orb.
     0 | D:1      | Reached XP level 1. HP: 18/18 MP: 1/1
    84 | D:1      | Reached skill level 2 in Axes
   120 | D:1      | Gained mutation: You are partially covered in sharp spines.
                  | [demonic ancestry]
   120 | D:1      | Reached XP level 2. HP: 24/24 MP: 2/2
   863 | D:2      | Noticed Robin
   865 | D:2      | Reached skill level 3 in Armour
   865 | D:2      | HP: 2/24 [goblin[Robin] (5)]
   868 | D:1      | Reached skill level 3 in Shields
   870 | D:1      | Reached XP level 3. HP: 1/29 MP: 3/3
  1198 | D:1      | Killed Robin
  1377 | D:2      | Reached skill level 3 in Axes
  1565 | D:2      | Reached XP level 4. HP: 35/35 MP: 4/4
  2291 | D:3      | Gained mutation: When hurt, damage is shared between your
                  | health and your magic reserves. [demonic ancestry]
  2291 | D:3      | Reached XP level 5. HP: 20/41 MP: 5/5
  2319 | D:3      | Killed from afar by an orc priest

Vanquished Creatures
  A worker ant (D:3)
  Robin (D:1)
  4 adders
  An ooze (D:3)
  2 worms
  A dart slug (D:3)
  A leopard gecko (D:1)
  An orc (D:3)
  6 bats
  3 giant cockroaches
  14 goblins
  10 hobgoblins
  2 jackals (D:1)
  A quokka (D:3)
  A ball python (D:1)
  2 frilled lizards
  4 kobolds
  6 rats
61 creatures vanquished.

Table legend: (Time is in decaauts)
 A = Elapsed time spent in this place.
 B = Non-inter-level travel time spent in this place.
 C = Inter-level travel time spent in this place.
 D = Time resting spent in this place.
 E = Time spent auto-exploring this place.
 F = Levels seen in this place.
 G = Mean time per level.
                   A        B        C        D        E       F      G
               +--------+--------+--------+--------+--------+-----+--------+
         Total |   2373 |   2301 |     72 |    384 |   1565 |   3 |  791.0 |
       Dungeon |   2373 |   2301 |     72 |    384 |   1565 |   3 |  791.0 |
               +--------+--------+--------+--------+--------+-----+--------+

Top non-repeatable levels by time:
     D:1: 1302 daAuts
     D:2: 887 daAuts
     D:3: 184 daAuts

Table legend:
 A = Non-vault XP
 B = Vault XP
 C = Vault XP percentage of total XP
 D = Non-vault monster count
 E = Vault monster count
 F = Vault count percentage of total count
                 A         B        C        D         E       F
            +---------+---------+-------+---------+---------+-------
      Total |     156 |      53 |  25.4 |      47 |      14 |  23.0
            +---------+---------+-------+---------+---------+-------
        D:1 |      33 |      32 |  49.2 |      19 |       9 |  32.1
        D:2 |      49 |      21 |  30.0 |      16 |       5 |  23.8
        D:3 |      74 |       0 |   0.0 |      12 |       0 |   0.0
            +---------+---------+-------+---------+---------+-------
